 Dungeon Crawl Stone Soup version 0.26.1-11-gd32895ea62 (webtiles) character file.

Game seed: 8012382421495917079

51 vvl the Chopper (level 3, 0/33 HPs)
             Began as a Hill Orc Monk on June 16, 2021.
             Succumbed to a scorpion's poison
             ... on level 4 of the Dungeon.
             The game lasted 00:02:54 (896 turns).

vvl the Chopper (Hill Orc Monk)                      Turns: 896, Time: 00:02:54

Health: 0/33       AC:  2    Str: 13 (14) XL:     3   Next: 83%
Magic:  4/4        EV: 12    Int:  8 (10) God:
Gold:   40         SH:  0    Dex: 10 (13) Spells: 2/2 levels left

rFire    . . .     SeeInvis .   g - +3 mace
rCold    . . .     Faith    .   (no shield)
rNeg     . . .     Spirit   .   b - +0 robe
rPois    .         Reflect  .   (no helmet)
rElec    .         Harm     .   (no cloak)
rCorr    .         Rampage  .   (no gloves)
Will     .....                  (no boots)
Stlth    ++........             (no amulet)
HPRegen  0.11/turn              (no ring)
MPRegen  0.09/turn              (no ring)

@: lethally poisoned (0 -> -17), attractive
A: no striking features
a: no special abilities


You were on level 4 of the Dungeon.
You visited 1 branch of the dungeon, and saw 4 of its levels.

You collected 40 gold pieces.

Inventory:

Hand Weapons
 a - a +0 hand axe
 g - a +3 mace (weapon)
Armour
 b - a +0 robe (worn)
Scrolls
 d - a scroll of teleportation {unknown}
 e - 3 scrolls of identify {unknown}
 f - 2 scrolls of remove curse {unknown}


   Skills:
 + Level 3.9 Fighting
 * Level 4.8 Axes
 + Level 1.0 Armour
 + Level 2.6 Dodging
 - Level 1.5 Stealth
 + Level 1.1 Fire Magic
 + Level 1.4 Invocations


You had 2 spell levels left.
You didn't know any spells.
Your spell library was empty.

Dungeon Overview and Level Annotations

Branches:
Dungeon (4/15)
 Temple: D:4-7

Altars:
Cheibriados
Dithmenos
Nemelex Xobeh
Okawaru
Ru
Trog
Wu Jian
Xom


Message History

You are too injured to fight recklessly!
You hit the scorpion.
The scorpion is moderately wounded.
* * * LOW HITPOINT WARNING * * *
You feel sick. The scorpion stings you.
* * * LOW HITPOINT WARNING * * *
You are more poisoned.
The scorpion poisons you!
It was a potion of degeneration.
There was something very wrong with that liquid.
You feel weakened.
You feel dopey.
You feel clumsy.
* * * LOW HITPOINT WARNING * * *
You feel sick. The scorpion closely misses you.
It was a potion of attraction.
You feel attractive to monsters.
* * * LOW HITPOINT WARNING * * *
You feel sick. The scorpion misses you.
You hit the scorpion.
The scorpion is heavily wounded.
You die...

#########
#.......#
#......>#
#......<#
+.......#
#......@#
#......s#
#.......#
#.......#
#.......#
...##+#..
... ...
.. ...


You could see a scorpion.

Vanquished Creatures
  3 adders
  An ooze (D:2)
  A leopard gecko (D:3)
  2 goblins (D:2)
  4 hobgoblins
  2 quokkas (D:2)
  3 bats
  A frilled lizard (D:1)
  A kobold (D:1)
  2 rats (D:1)
20 creatures vanquished.

Notes
Turn   | Place    | Note
-------+----------+-------------------------------------------
     0 | D:1      | vvl the Hill Orc Monk began the quest for the Orb.
     0 | D:1      | Reached XP level 1. HP: 19/19 MP: 1/1
   218 | D:2      | Reached XP level 2. HP: 24/27 MP: 2/2
   289 | D:2      | Noticed an ogre
   510 | D:2      | Reached skill level 1 in Invocations
   569 | D:3      | Found a snail-covered altar of Cheibriados.
   571 | D:3      | Reached XP level 3. HP: 33/33 MP: 3/3
   607 | D:2      | Reached skill level 1 in Armour
   751 | D:3      | Found a bloodstained altar of Trog.
   751 | D:3      | Found an ornate altar of the Wu Jian Council.
   752 | D:3      | Found a shimmering altar of Xom.
   752 | D:3      | Found a shadowy altar of Dithmenos.
   758 | D:3      | Found a sacrificial altar of Ru.
   758 | D:3      | Found a sparkling altar of Nemelex Xobeh.
   759 | D:3      | Found an iron altar of Okawaru.
   771 | D:3      | Reached skill level 1 in Fire Magic
   886 | D:4      | Noticed a scorpion
   896 | D:4      | Succumbed to a scorpion's poison

Illustrated notes

Levels and vault maps discovered:
D:1:      tarquinn_simple_flora_water_f, layout_loops_ring, serial_bayou_pond_e
D:2:      layout_loops_corners, overflow_temple_1_default, uniq_sigmund,
          uniq_terence
D:3:      layout_rooms, overflow_temple_1_default, grunt_temple_overflow_open,
          gammafunk_ghost_arena
D:4:      layout_gridville, kennysheep_generic_room_16, uniq_duvessa

Skill      XL: |  1  2  3 |
---------------+----------+-----
Invocations    | 1 |  1.4
Armour         | 1 |  1.0
Fire Magic     | 1 |  1.1
Fighting       | |  3.9
Axes           | |  4.8
Dodging        | |  2.6
Stealth        | |  1.5

Action                   || total
-------------------------++-------
Melee: Hand axe          ||    20
       Mace              ||    39
  Use: Potion            ||     3
 Stab: Sleeping          ||     1
Armor: Robe              ||    11
Dodge: Dodged            ||    51
